 Seeded DCSS version 0.29.1-1-gd02db6906a (webtiles) character file.

Game seed: 11781124488112319774 (custom seed)

123 GigaChad the Trooper (level 4, -2/41 HPs)
             Began as a Minotaur Fighter on Oct 14, 2022.
             Was a Believer of Elyvilon.
             Killed by divine providence
             ... invoked by an orc priest
              (10 damage)
             ... on level 3 of the Dungeon.
             The game lasted 00:04:59 (2007 turns).

GigaChad the Trooper (Minotaur Fighter)             Turns: 2007, Time: 00:05:00

Health: -2/41      AC:  9    Str: 23    XL:     4   Next: 79%
Magic:  3/3        EV:  7    Int:  5    God:    Elyvilon [**....]
Gold:   92         SH:  4    Dex:  9    Spells: 3/3 levels left

rFire   . . .      SeeInvis .   a - +0 flail
rCold   . . .      Faith    .   c - +0 buckler
rNeg    . . .      Spirit   .   o - +0 chain mail
rPois   .          Reflect  .   (helmet restricted)
rElec   .          Harm     .   (no cloak)
rCorr   .          Rampage  .   (no gloves)
Will    .....                   (no boots)
Stlth   ..........              (no amulet)
HPRegen 0.13/turn               (no ring)
MPRegen 0.08/turn               (no ring)

@: no status effects
A: horns 2, retaliatory headbutt
a: Renounce Religion, Purification, Heal Other


You were on level 3 of the Dungeon.
You worshipped Elyvilon.
Elyvilon was pleased with you.
You visited 1 branch of the dungeon, and saw 3 of its levels.

You collected 92 gold pieces.

Inventory:

Hand Weapons
 a - a +0 flail (weapon)
Missiles
 r - 2 throwing nets (quivered)
Armour
 b - a +0 scale mail
 c - a +0 buckler (worn)
 o - a +0 chain mail (worn)
Scrolls
 e - a scroll of enchant weapon {unknown}
 g - a scroll of teleportation
 i - a scroll of magic mapping {unknown}
 k - a scroll of acquirement {unknown}
 m - 2 scrolls of identify
 s - 3 scrolls of immolation {unknown}
Potions
 d - 2 potions of might
 f - a potion of flight {unknown}
 h - 2 potions of mutation {unknown}
 j - a potion of heal wounds {unknown}
 l - a potion of invisibility {unknown}
 n - a potion of curing {unknown}
 p - a potion of haste {unknown}
 q - 2 potions of lignification {unknown}


   Skills:
 + Level 4.6 Fighting
 + Level 3.9 Maces & Flails
 + Level 4.4 Armour
 + Level 0.9 Dodging
 + Level 4.3 Shields


You had 3 spell levels left.
You didn't know any spells.
Your spell library contained the following spells:

 Spells                   Type           Power      Damage    Failure   Level
 Slow                     Hex            0%         N/A       99%         1
 Blink                    Tloc           0%         N/A       100%        2
 Confusing Touch          Hex            0%         N/A       100%        3
 Lesser Beckoning         Tloc           0%         N/A       100%        3
 Vampiric Draining        Necr           0%         2d6       100%        3
 Manifold Assault         Tloc           0%         N/A       100%        5


Dungeon Overview and Level Annotations

Branches:
Dungeon (3/15)

Altars:
Elyvilon


Innate Abilities, Weirdness & Mutations

You have a pair of horns on your head.
You reflexively headbutt those who attack you in melee.


Message History

You closely miss the orc.
The orc is almost dead.
The orc completely misses you.
The orc priest calls upon Beogh to heal the orc.
The orc's wounds heal themselves!
You block the orc's attack.
You closely miss the orc. You headbutt the orc, but do no damage.
The orc hits you with a +0 mace.
You closely miss the orc. Your headbutt misses the orc.
The orc completely misses you.
You barely miss the orc. You block the orc's attack.
You hit the orc. Your headbutt misses the orc.
The orc is lightly wounded.
The orc hits you with a +0 mace. The orc hits you but does no damage.
You closely miss the orc.
The orc is lightly wounded.
The orc barely misses you.
You completely miss the orc.
The orc is lightly wounded.
You block the orc's attack.
You closely miss the orc.
The orc is lightly wounded.
The orc closely misses you.
You hit the orc. Your headbutt misses the orc.
The orc is moderately wounded.
You block the orc's attack. The orc hits you with a +0 mace.
You barely miss the orc.
The orc is moderately wounded.
The orc barely misses you.
The orc priest calls upon Beogh to heal the orc.
The orc's wounds heal themselves!
You barely miss the orc. Your headbutt misses the orc.
The orc hits you with a +0 mace.
* * * LOW HITPOINT WARNING * * *
You closely miss the orc. The orc hits you with a +0 mace.
* * * LOW HITPOINT WARNING * * *
You closely miss the orc. The orc hits you with a +0 mace.
* * * LOW HITPOINT WARNING * * *
The orc priest calls down the wrath of Beogh upon you.
Beogh smites you!
You die...

. #.# ##.....##
#.# ## <.......
#.. .#
#......###.##.##
#..............#
#.....# #.<##..#
#.....# #......#
#.....###..#...#
#..@oo.#...#
######.#...#####
#.........#
###...###.#
#...# #.# #...#
#.###
##...###...#
.......##.#
#.#..##.##.#


You could see an orc priest and an orc.

Vanquished Creatures
  4 gnolls (D:3)
  An adder (D:2)
  2 dart slugs (D:1)
  4 orcs
  4 ball pythons (D:1)
  8 endoplasms
  A giant cockroach (D:3)
  5 goblins
  5 hobgoblins
  10 jackals (D:1)
  2 quokkas (D:1)
  3 bats
  2 frilled lizards
  6 kobolds
  4 rats
61 creatures vanquished.

Vanquished Creatures (others)
  A fungus (D:1)
  A plant (D:1)
2 creatures vanquished.

Grand Total: 63 creatures vanquished

Notes
Turn   | Place    | Note
-------+----------+-------------------------------------------
     0 | D:1      | GigaChad the Minotaur Fighter began the quest for the Orb.
     0 | D:1      | Reached XP level 1. HP: 19/19 MP: 0/0
   160 | D:1      | Reached XP level 2. HP: 25/27 MP: 1/1
   407 | D:1      | Reached XP level 3. HP: 27/34 MP: 2/2
   579 | D:1      | Found a faded altar of an unknown god.
   610 | D:1      | Prayed at the altar of an unknown god.
   610 | D:1      | Became a worshipper of Elyvilon the Healer
   610 | D:1      | Reached * piety under Elyvilon
  1490 | D:3      | Reached XP level 4. HP: 36/41 MP: 3/3
  1885 | D:3      | Reached ** piety under Elyvilon
  2007 | D:3      | Killed from afar by an orc priest

Illustrated notes

Levels and vault maps discovered:
D:1:      minmay_arrival_cross, layout_rooms,
          shapermc_ecumenical_altar_mp_ritualfount
D:2:      layout_basic
D:3:      layout_loops_ring, ebering_ghost_disaster_area, uniq_sigmund

Skill      XL: |  1  2  3 |
---------------+----------+-----
Fighting       | 4 |  4.6
Shields        | 4 |  4.3
Armour         | 4 |  4.4
Maces & Flails | 3 |  3.9
Dodging        | |  0.9

Action                   |  1- 3 |  4- 6 || total
-------------------------+-------+-------++-------
Melee: Flail             |    83 |    45 ||   128
       Headbutt          |    10 |     4 ||    14
  Use: Scroll            |     3 |       ||     3
Armor: Scale mail        |    60 |       ||    60
       Chain mail        |     2 |    20 ||    22
Dodge: Dodged            |    63 |    18 ||    81
Block: Buckler           |    32 |    10 ||    42
